Map: Washout LE

Players

MeroHarine - Winner!

  • Race: Terran Terran
  • League: Grandmaster
  • Spawn Location: 1:00

llllllllllll

  • Race: Terran Terran
  • League: Grandmaster
  • Spawn Location: 7:00

VOD

Have the link to the VOD?

Description

Time

  • Played on: June 30, 2026, 2:54 p.m.
  • Length: 13:48
Show
View Real Time Build Order
Export as new Build Order

MeroHarine Terran - Winner!

Build Orders: Reaper Expand 

Get SALT Encoding   

  8  0:00  SCV  
  9  0:12  SCV  
  10  0:24  SCV  
  10  0:27  Supply Depot  
  11  0:36  SCV  
  12  0:48  SCV  
  13  0:54  Barracks  
  13  1:01  Refinery  
  13  1:05  SCV  
  14  1:17  SCV  
  15  1:29  SCV  
  16  1:41  Orbital Command  
  16  1:42  Reaper  
  17  2:07  SCV  
  18  2:11  Command Center  
  18  2:14  Reaper  
  18  2:19  SCV  
  20  2:23  Supply Depot  
  20  2:31  SCV  
  21  2:38  Factory  
  21  2:45  Refinery, SCV  
  22  2:57  SCV, Barracks Reactor  
  23  3:09  SCV  
  24  3:21  SCV  
  24  3:23  Starport, Orbital Command  
  25  3:33  SCV  
  26  3:37  Hellion x2  
  26  3:40  Orbital Command  
  30  3:42  Supply Depot  
  30  3:43  Barracks Tech Lab  
  30  3:45  SCV  
  31  3:57  SCV  
  31  3:58  Hellion x2  
  36  4:06  SCV  
  36  4:09  Raven  
  40  4:10  SCV  
  40  4:14  Supply Depot  
  40  4:18  SCV, Refinery  
  40  4:21  Hellion  
  40  4:22  SCV  
  46  4:24  Hellion  
  46  4:25  Barracks Tech Lab  
  46  4:30  SCV  
  47  4:33  Interference Matrix  
  47  4:34  SCV  
  48  4:42  SCV  
  48  4:43  Supply Depot, Raven  
  51  4:46  SCV  
  51  4:50  Marine  
  51  4:51  Marine  
  51  4:52  Cyclone  
  57  4:54  SCV  
  57  4:59  Supply Depot  
  58  5:04  SCV  
  58  5:06  SCV  
  60  5:08  Marine x2  
  58  5:16  SCV  
  58  5:18  SCV  
  58  5:19  Raven  
  62  5:26  Marine x2  
  62  5:29  SCV, Siege Tank  
  62  5:31  SCV  
  67  5:41  SCV, Command Center  
  67  5:42  Supply Depot  
  68  5:43  SCV  
  71  5:53  SCV  
  71  5:55  SCV  
  71  6:00  Viking  
  71  6:01  Marine  
  71  6:02  Refinery  
  71  6:03  Viking  
  71  6:04  Siege Tank  
  79  6:06  Supply Depot, SCV  
  79  6:07  SCV  
  81  6:13  Supply Depot  
  81  6:14  Stimpack  
  81  6:18  SCV  
  82  6:27  Marine, SCV  
  82  6:30  SCV, Viking  
  87  6:33  Viking  
  89  6:40  Barracks x2, Siege Tank  
  89  6:42  SCV x2  
  94  6:47  Engineering Bay x2  
  94  6:54  SCV  
  94  6:55  SCV  
  94  6:56  Marine  
  97  7:02  SCV  
  97  7:06  SCV  
  103  7:08  Liberator x2  
  103  7:12  SCV  
  106  7:18  Marine, SCV  
  105  7:26  SCV, Barracks x2  
  81  7:30  SCV  
  81  7:31  Barracks Reactor x2  
  81  7:33  Orbital Command  
  81  7:34  Terran Infantry Weapons Level 1  
  80  7:37  Terran Infantry Armor Level 1  
  80  7:38  SCV  
  80  7:39  Marine  
  80  7:43  SCV, Siege Tank  
  86  7:47  Refinery  
  86  7:48  Supply Depot, Refinery  
  86  7:50  SCV  
  87  7:51  Viking  
  87  7:55  SCV  
  91  7:58  SCV  
  91  8:01  Viking, Marine  
  91  8:02  SCV  
  91  8:04  Supply Depot x2  
  95  8:07  SCV  
  95  8:08  Missile Turret  
  95  8:09  Missile Turret  
  95  8:10  SCV  
  95  8:11  Combat Shield  
  97  8:13  Barracks Reactor  
  97  8:15  SCV, Sensor Tower  
  97  8:16  Barracks Reactor  
  97  8:18  Supply Depot  
  97  8:19  SCV  
  99  8:21  Marine  
  99  8:22  Marine, SCV  
  99  8:23  Marine x2  
  99  8:24  Marine  
  106  8:27  SCV  
  106  8:29  Supply Depot  
  106  8:30  Siege Tank  
  106  8:31  SCV  
  110  8:34  SCV  
  110  8:36  Medivac x2  
  110  8:38  Marine  
  110  8:39  SCV  
  117  8:44  Marine x4  
  118  8:55  Marine x4, Armory  
  118  8:56  Marine  
  118  8:59  Supply Depot  
  118  9:02  Marine x4  
  124  9:05  Siege Tank  
  124  9:08  Medivac  
  124  9:09  Medivac, Factory  
  134  9:13  Supply Depot, Marine x4  
  134  9:14  Marine  
  139  9:20  Marine x4  
  143  9:26  Command Center  
  143  9:31  Marine x4  
  143  9:32  Marine  
  143  9:33  Supply Depot  
  143  9:35  Supply Depot  
  143  9:38  Marine x4  
  150  9:44  Siege Tank  
  138  9:46  SCV x2  
  138  9:49  Marine x4  
  138  9:50  Marine  
  114  9:55  Marine  
  114  9:56  Marine x3  
  114  9:58  SCV x2  
  114  9:59  SCV  
  100  10:07  Marine x5  
  91  10:13  Marine x3  
  101  10:16  Siege Tank  
  100  10:22  Terran Infantry Armor Level 2, Terran Infantry Weapons Level 2  
  100  10:24  Marine  
  100  10:25  Marine x4  
  100  10:26  Medivac x2  
  100  10:27  SCV  
  109  10:29  SCV  
  109  10:31  SCV, Marine x3  
  109  10:32  Terran Vehicle Weapons Level 1  
  109  10:33  Barracks Reactor  
  109  10:35  Siege Tank  
  117  10:40  SCV  
  117  10:41  SCV  
  117  10:42  Marine x4  
  119  10:43  SCV, Marine  
  119  10:48  Siege Tank  
  119  10:49  Marine x3  
  131  11:00  Medivac x2, Marine x4  
  131  11:01  Marine  
  131  11:04  Refinery  
  140  11:07  Marine x3, Siege Tank  
  146  11:14  Marine x2  
  146  11:18  Marine x4  
  149  11:19  Marine  
  149  11:20  Siege Tank  
  149  11:25  Marine x3  
  159  11:28  Supply Depot x2  
  159  11:30  Medivac  
  159  11:32  Supply Depot, Marine x2  
  163  11:35  Medivac  
  163  11:36  Marine x4  
  163  11:37  Marine  
  163  11:39  Siege Tank  
  172  11:42  Marine  
  172  11:43  Marine x2  
  175  11:50  Marine x2  
  175  11:53  Marine  
  175  11:54  Marine x4  
  178  11:58  Siege Tank  
  178  12:00  Marine x3  
  168  12:07  Marine  
  168  12:08  Marine  
  166  12:11  Marine x4, Siege Tank  
  166  12:12  Marine  
  174  12:18  Marine x3  
  170  12:25  Marine x2  
  170  12:29  Marine x4  
  176  12:30  Marine, Siege Tank  
  176  12:36  Marine x3  
  183  12:43  Marine x2  
  183  12:44  Siege Tank  
  186  12:47  Marine  
  186  12:51  Marine x4  
  186  12:54  Marine x2  
  192  13:02  Siege Tank  
  192  13:05  Marine x2  
  200  13:23  Marine  
  200  13:24  Marine x2  
  184  13:27  Marine x3  
Show
View Real Time Build Order
Export as new Build Order

llllllllllll Terran 

Build Orders: Reaper Expand 

Get SALT Encoding   

  8  0:00  SCV  
  9  0:12  SCV  
  10  0:24  SCV  
  11  0:36  SCV  
  11  0:38  Supply Depot  
  12  0:49  SCV  
  13  1:01  SCV, Barracks  
  13  1:03  Refinery  
  14  1:13  SCV  
  15  1:25  SCV  
  16  1:37  SCV  
  17  1:46  Reaper  
  17  1:49  Orbital Command  
  18  2:07  Command Center  
  18  2:15  SCV  
  19  2:21  Supply Depot  
  19  2:22  Marine  
  19  2:27  SCV  
  21  2:35  Factory  
  21  2:42  Marine, SCV  
  23  2:46  Refinery  
  23  2:54  SCV  
  24  3:00  Marine  
  25  3:07  SCV  
  26  3:18  Marine, Orbital Command  
  26  3:19  SCV  
  30  3:20  Hellion  
  30  3:24  Starport  
  30  3:31  SCV  
  31  3:39  Barracks Reactor  
  31  3:41  Factory Tech Lab  
  31  3:43  SCV  
  31  3:44  SCV  
  33  3:55  SCV  
  34  3:56  SCV  
  34  3:58  Refinery  
  34  4:00  Cyclone, Starport Tech Lab  
  38  4:05  Supply Depot  
  38  4:07  SCV  
  38  4:08  SCV  
  40  4:16  Marine  
  42  4:26  Supply Depot  
  42  4:27  SCV x2, Raven  
  45  4:32  Siege Tank  
  45  4:36  Supply Depot  
  48  4:39  Interference Matrix  
  48  4:43  SCV x2  
  50  4:55  SCV x2  
  50  4:57  Supply Depot  
  54  5:02  Raven  
  54  5:08  SCV  
  54  5:10  SCV  
  54  5:12  Factory Reactor  
  53  5:19  Marine, Stimpack  
  53  5:20  SCV  
  52  5:22  SCV  
  52  5:32  Barracks, SCV  
  52  5:34  Engineering Bay x2  
  53  5:36  Marine  
  53  5:37  Barracks, Command Center  
  53  5:40  Raven  
  56  5:43  SCV  
  56  5:44  SCV  
  58  5:51  Refinery  
  58  5:55  SCV, Marine  
  58  5:56  SCV  
  61  6:02  Barracks  
  61  6:05  Barracks, Terran Infantry Weapons Level 1  
  61  6:06  Terran Infantry Armor Level 1  
  61  6:10  SCV  
  61  6:11  SCV  
  63  6:13  Marine  
  63  6:17  Siege Tank  
  67  6:23  Marine x2  
  69  6:26  SCV x2  
  69  6:27  Starport Reactor  
  69  6:30  Marine  
  72  6:35  Marine x2  
  72  6:36  Supply Depot x2  
  74  6:46  Missile Turret  
  74  6:49  Marine x3, SCV x2  
  74  6:52  Siege Tank, Missile Turret  
  74  6:53  Marine x2  
  84  6:56  Barracks Reactor x2  
  84  7:00  Orbital Command  
  84  7:04  SCV  
  84  7:05  SCV  
  84  7:06  Marine  
  87  7:10  Marine x2  
  87  7:11  Marine x2  
  87  7:12  Medivac  
  87  7:15  Medivac  
  88  7:24  Marine, SCV x2  
  88  7:27  SCV  
  77  7:32  Marine  
  77  7:33  Orbital Command  
  77  7:34  Marine x3  
  77  7:35  Marine  
  77  7:36  Marine  
  82  7:39  Combat Shield  
  83  7:46  SCV x2  
  85  7:55  Marine x8  
  85  7:57  Marine  
  94  7:58  SCV  
  94  7:59  SCV  
  94  8:00  SCV  
  94  8:04  Supply Depot  
  97  8:10  Armory  
  97  8:12  SCV x3  
  100  8:18  Supply Depot  
  100  8:22  Medivac  
  100  8:24  SCV  
  100  8:26  Medivac, SCV x2  
  107  8:31  Marine x4  
  111  8:38  Marine  
  111  8:39  Marine x3  
  111  8:40  SCV x2  
  116  8:41  SCV  
  113  8:52  SCV x2  
  113  8:53  SCV  
  118  9:02  Terran Infantry Armor Level 2, Terran Infantry Weapons Level 2  
  118  9:04  SCV x2  
  118  9:05  SCV  
  118  9:09  Marine  
  119  9:11  Marine x6  
  119  9:12  Marine  
  127  9:17  SCV  
  127  9:18  Supply Depot  
  127  9:22  Factory  
  127  9:24  Terran Vehicle Weapons Level 1  
  127  9:26  Barracks Reactor  
  127  9:37  SCV x2  
  127  9:38  SCV  
  124  9:48  Marine x2  
  124  9:50  SCV x3  
  124  9:51  Marine  
  124  9:52  Marine x3  
  118  9:54  Siege Tank, Marine x2  
  118  9:55  Medivac x2  
  109  10:02  SCV x3  
  109  10:03  Marine x2  
  109  10:06  Marine x2  
  113  10:09  Marine x3  
  113  10:11  Marine  
  113  10:12  Marine x2  
  113  10:14  SCV x3  
  122  10:18  Command Center  
  122  10:21  Marine, Siege Tank  
  119  10:25  Refinery x2, Medivac  
  119  10:26  SCV x3  
  127  10:29  Medivac  
  127  10:32  Missile Turret  
  129  10:38  SCV x3  
  129  10:42  Marine x3  
  133  10:47  Marine x2  
  133  10:48  Supply Depot  
  133  10:49  Supply Depot x2  
  137  10:50  Supply Depot  
  137  10:53  Marine x5  
  142  11:00  Marine  
  143  11:06  Medivac, Siege Tank x2  
  143  11:10  Marine x3  
  154  11:11  Marine x2  
  154  11:12  Marine x2  
  154  11:13  Supply Depot x2, Marine  
  154  11:14  Supply Depot  
  159  11:18  SCV  
  159  11:19  SCV x2  
  159  11:21  Sensor Tower  
  162  11:32  SCV x2  
  164  11:35  Barracks  
  164  11:36  Barracks  
  164  11:37  Barracks  
  164  11:39  Marine x6  
  170  11:44  Marine x2  
  172  11:50  SCV x2  
  172  11:51  SCV  
  172  11:52  Marine  
  148  12:02  SCV x2  
  148  12:03  SCV  
  149  12:13  Marine x5  
  149  12:14  Marine, SCV  
  149  12:15  SCV x2  
  136  12:26  Marine x2, SCV  
  136  12:27  SCV x2  
  132  12:31  Marine x9  
  141  12:39  SCV x2  
  141  12:42  Marine  
  142  12:46  Marine  
  142  12:51  Marine  
  134  12:52  Marine x6  
  134  12:53  Marine x2  
  144  13:01  Siege Tank x2  
  144  13:04  Marine  
  149  13:08  Marine  
  149  13:10  Marine x8  
  162  13:22  Marine  
  162  13:26  Marine  
  150  13:28  Marine x7  
  150  13:29  Marine  
Tags
 
Add a new tag
Caveats
  • Supply blocks, unpowered buildings, or Contaminate may cause inaccurate times.
  • Supply counts are checked every 10 seconds.